Map: Thunderbird LE

Players

Ben - Winner!

  • Race: Zerg Zerg
  • League: Master
  • Spawn Location: 11:00

Mez

  • Race: Protoss Protoss
  • League: Master
  • Spawn Location: 5:00

VOD

Have the link to the VOD?

Description

Time

  • Played on: July 29, 2019, 4:37 a.m.
  • Length: 4:12
Show
View Real Time Build Order
Export as new Build Order

Ben Zerg - Winner!

Build Orders: Hatch First 

Get SALT Encoding   

  12  0:08  Drone  
  12  0:13  Overlord  
  13  0:17  Drone  
  14  0:43  Hatchery  
  14  0:47  Drone  
  14  0:50  Drone  
  14  0:55  Drone  
  16  1:04  Drone  
  17  1:14  Extractor  
  17  1:17  Spawning Pool  
  15  1:19  Drone  
  16  1:36  Drone  
  16  1:39  Drone  
  18  1:46  Drone  
  19  1:57  Drone x2  
  21  2:04  Overlord, Queen  
  21  2:06  Queen  
  25  2:11  Zergling x2  
  25  2:14  Zergling x2  
  27  2:21  Metabolic Boost  
  27  2:23  Drone  
  27  2:26  Drone  
  29  2:39  Zergling x4  
  32  2:51  Zergling x4  
  33  3:05  Overlord  
  33  3:15  Zergling x2  
  33  3:18  Overlord x2  
  34  3:23  Zergling x2  
  34  3:24  Zergling x8  
  39  3:34  Zergling x4  
  39  3:49  Zergling x10  
Show
View Real Time Build Order
Export as new Build Order

Mez Protoss 

Build Orders: 1 Gate Expand 

Get SALT Encoding   

  12  0:02  Probe  
  13  0:17  Probe  
  13  0:19  Pylon  
  14  0:29  Probe  
  15  0:40  Gateway  
  15  0:41  Probe  
  15  0:48  Assimilator  
  15  0:49  Probe  
  17  0:57  Probe  
  18  1:09  Probe  
  19  1:21  Probe  
  20  1:30  Cybernetics Core  
  20  1:37  Nexus  
  19  1:41  Probe  
  20  1:48  Pylon  
  20  1:56  Probe, Assimilator  
  21  2:06  Adept  
  23  2:08  Warp Gate  
  23  2:22  Pylon  
  23  2:23  Probe  
  24  2:36  Adept, Probe  
  27  2:49  Probe  
  28  2:59  Twilight Council  
  28  3:01  Probe  
  28  3:03  Probe  
  28  3:04  Robotics Facility  
  30  3:11  Probe  
  30  3:12  Probe  
  30  3:13  Stalker  
  34  3:26  Gateway  
  34  3:34  Gateway  
  34  3:35  Probe  
  34  3:36  Probe  
  36  3:48  Gateway  
  30  3:57  Pylon  
Tags
 
Add a new tag
Caveats
  • Supply blocks, unpowered buildings, or Contaminate may cause inaccurate times.
  • Supply counts are checked every 10 seconds.